Map: 트라이튼 - 래더

Players

lllllllllll (sOs)

  • Race: Protoss Protoss
  • League: Grandmaster
  • Spawn Location: 11:00

soO - Winner!

  • Race: Zerg Zerg
  • Spawn Location: 5:00

VOD

Have the link to the VOD?

Description

Time

  • Played on: Jan. 9, 2020, 8:59 a.m.
  • Length: 10:38
Show
View Real Time Build Order
Export as new Build Order

lllllllllll Protoss 

Build Orders: 1 Gate Expand, Phoenix Opening, Mass Adepts 

Get SALT Encoding   

  12  0:00  Probe  
  13  0:12  Probe  
  14  0:20  Pylon  
  14  0:24  Probe  
  15  0:38  Probe (Chrono Boost)  
  15  0:39  Gateway  
  16  0:47  Probe (Chrono Boost), Assimilator  
  17  0:52  Probe  
  18  1:04  Probe  
  19  1:16  Probe  
  20  1:24  Nexus  
  20  1:33  Cybernetics Core  
  20  1:36  Probe  
  21  1:43  Assimilator  
  21  1:48  Probe  
  21  1:52  Pylon  
  22  2:00  Probe  
  23  2:08  Adept (Chrono Boost)  
  23  2:12  Probe  
  23  2:15  Stargate  
  26  2:24  Probe  
  26  2:25  Warp Gate  
  27  2:30  Adept  
  27  2:36  Probe (Chrono Boost)  
  27  2:37  Probe (Chrono Boost)  
  31  2:45  Probe (Chrono Boost)  
  31  2:46  Probe (Chrono Boost)  
  31  2:50  Probe (Chrono Boost)  
  31  2:51  Probe (Chrono Boost)  
  35  2:59  Phoenix (Chrono Boost)  
  35  3:02  Probe  
  35  3:03  Probe  
  39  3:16  Gateway  
  39  3:17  Gateway  
  39  3:21  Twilight Council  
  39  3:26  Probe x2  
  41  3:31  Pylon  
  41  3:38  Probe x2  
  43  3:45  Assimilator  
  43  3:49  Resonating Glaives (Chrono Boost)  
  43  3:50  Probe x2  
  43  3:54  Robotics Facility  
  45  3:57  Pylon  
  46  4:02  Probe  
  46  4:03  Probe  
  46  4:04  Pylon  
  47  4:13  Adept x3  
  53  4:24  Pylon  
  53  4:28  Probe x2  
  55  4:34  Adept x3  
  61  4:41  Immortal  
  61  4:43  Pylon  
  65  4:47  Pylon  
  65  4:54  Adept  
  65  4:55  Adept x2, Assimilator  
  71  5:05  Gateway  
  71  5:17  Sentry x2  
  71  5:20  Gateway, Immortal (Chrono Boost)  
  79  5:23  Gateway  
  79  5:26  Sentry  
  77  5:48  Gateway  
  77  5:51  Gateway, Sentry x2  
  77  5:54  Sentry  
  77  5:56  Warp Prism (Chrono Boost)  
  85  6:00  Adept  
  87  6:13  Pylon  
  87  6:18  Adept x3  
  93  6:21  Pylon  
  93  6:23  Pylon  
  93  6:39  Adept  
  93  6:40  Adept x5  
  93  6:42  Adept  
  93  6:43  Observer  
  93  6:45  Adept  
  108  6:48  Pylon  
  108  6:52  Pylon  
  90  7:17  Adept x6  
  90  7:18  Adept  
  90  7:19  Adept  
  80  7:37  Adept x4  
  80  7:40  Robotics Bay  
  80  7:44  Robotics Facility  
  80  7:48  Immortal (Chrono Boost)  
  78  7:54  Observer  
  74  8:02  Shield Battery  
  74  8:04  Adept x5  
  84  8:29  Disruptor x2 (Chrono Boost)  
  90  8:34  Pylon  
  90  8:43  Adept x2  
  90  8:47  Adept  
  96  8:49  Adept  
  96  8:52  Pylon  
  98  8:56  Disruptor x2 (Chrono Boost)  
  103  9:08  Adept x3  
  103  9:09  Adept  
  110  9:24  Adept x4  
  118  9:34  Adept x4  
  126  9:44  Disruptor  
  129  9:48  Pylon  
  129  9:49  Adept  
  131  10:04  Adept x4  
Show
View Real Time Build Order
Export as new Build Order

soO Zerg - Winner!

Build Orders: Hatch First 

Get SALT Encoding   

  12  0:00  Drone  
  13  0:12  Overlord  
  13  0:16  Drone  
  14  0:30  Drone x2  
  16  0:47  Hatchery  
  15  0:50  Drone  
  15  0:54  Drone  
  17  0:57  Drone  
  18  1:07  Extractor  
  17  1:13  Spawning Pool  
  17  1:16  Drone  
  17  1:19  Drone  
  18  1:28  Drone  
  19  1:39  Drone  
  20  1:48  Hatchery  
  20  1:51  Drone  
  20  2:00  Queen  
  22  2:02  Drone  
  22  2:08  Drone  
  24  2:13  Drone  
  25  2:17  Overlord  
  25  2:23  Queen  
  25  2:26  Drone  
  28  2:30  Metabolic Boost  
  28  2:36  Zergling x4  
  30  2:39  Drone  
  31  2:45  Queen  
  31  2:47  Drone  
  31  2:49  Drone  
  35  2:58  Drone  
  36  3:01  Queen  
  36  3:02  Overlord  
  38  3:06  Zergling x2  
  38  3:07  Zergling x2  
  38  3:11  Drone  
  38  3:12  Drone  
  42  3:19  Overlord  
  42  3:22  Drone x2  
  42  3:27  Drone x2  
  46  3:34  Drone  
  47  3:35  Overlord  
  47  3:38  Drone  
  47  3:39  Drone  
  49  3:45  Drone  
  50  3:50  Spore Crawler  
  50  3:51  Spore Crawler, Queen  
  50  3:54  Overlord  
  50  3:56  Drone x2  
  50  3:57  Drone x2  
  50  3:59  Drone x2  
  50  4:01  Drone x2  
  58  4:10  Overlord  
  58  4:12  Drone  
  58  4:13  Drone  
  58  4:14  Drone x4  
  58  4:15  Drone  
  65  4:18  Spore Crawler  
  65  4:19  Drone  
  64  4:24  Roach Warren  
  64  4:26  Zergling x2  
  64  4:28  Zergling x4  
  65  4:32  Lair  
  65  4:34  Zergling x2  
  65  4:35  Extractor  
  64  4:39  Zergling x6  
  64  4:42  Extractor  
  64  4:43  Drone x2  
  64  4:44  Drone  
  69  4:50  Zergling x6, Overlord  
  69  4:51  Overlord  
  72  4:54  Overlord  
  72  4:56  Overlord  
  72  5:00  Overlord  
  72  5:04  Roach  
  72  5:05  Overlord  
  74  5:08  Overlord  
  74  5:10  Roach x2  
  78  5:15  Roach x4  
  88  5:21  Roach x3  
  92  5:34  Roach x3  
  94  5:47  Roach x7  
  108  5:54  Drone x2  
  108  5:56  Extractor  
  108  6:10  Drone x2, Overlord  
  108  6:11  Glial Reconstitution  
  110  6:12  Ravager  
  110  6:15  Spine Crawler  
  110  6:18  Roach x3  
  116  6:19  Overlord x2  
  116  6:26  Ravager  
  116  6:27  Zergling x12  
  123  6:35  Ravager  
  123  6:36  Zergling x8  
  128  6:41  Extractor  
  128  6:42  Ravager  
  128  6:43  Roach  
  128  6:44  Zergling x8  
  134  6:49  Ravager  
  135  6:56  Ravager  
  131  7:10  Roach  
  116  7:19  Zergling x2, Roach x3  
  116  7:20  Zergling x4  
  122  7:25  Roach  
  122  7:29  Roach x3  
  114  7:30  Roach x3  
  114  7:32  Roach  
  114  7:34  Zergling x4  
  111  7:44  Drone x2  
  111  7:45  Drone x2  
  113  7:53  Drone x3  
  113  7:57  Drone x2  
  116  7:59  Overlord  
  116  8:00  Overlord  
  116  8:01  Drone  
  116  8:03  Overseer  
  117  8:10  Drone x3  
  120  8:13  Extractor  
  120  8:17  Spire  
  118  8:22  Hatchery  
  118  8:23  Drone x3  
  118  8:24  Drone x2  
  118  8:25  Drone  
  118  8:26  Drone x4  
  127  8:37  Roach x6  
  136  8:47  Zergling x4  
  135  8:49  Baneling Nest  
  134  8:56  Zergling x8  
  138  9:06  Zergling x10  
  142  9:17  Zergling x8  
  146  9:27  Overlord  
  146  9:30  Mutalisk x10  
  166  9:32  Ravager  
  166  9:37  Baneling x3  
  166  9:38  Zergling x6  
  170  9:41  Baneling x2  
  170  9:42  Zergling x2  
  171  9:47  Baneling x4  
  169  9:56  Zergling x20  
  178  10:05  Zergling x10  
  179  10:07  Baneling x6  
  173  10:16  Zergling x4  
  173  10:18  Zergling x18  
  158  10:32  Ravager  
Tags
 
Add a new tag
Caveats
  • Supply blocks, unpowered buildings, or Contaminate may cause inaccurate times.
  • Supply counts are checked every 10 seconds.